 Dungeon Crawl Stone Soup version 0.29-a0-819-g94b489e0ae (webtiles) character file.

Game seed: 11407573251374527419

609 ders the Magician (level 7, -3/45 HPs)
             Began as a Djinni Conjurer on July 6, 2022.
             Slain by Duvessa
             ... wielding a +0 vampiric short sword
              (7 damage)
             ... on level 4 of the Dungeon.
             The game lasted 00:04:15 (3945 turns).

ders the Magician (Djinni Conjurer)                 Turns: 3945, Time: 00:04:15

Health: -3/45      AC:  3    Str:  6    XL:     7   Next: 71%
Gold:   151        EV: 12    Int: 21    God:
                   SH:  0    Dex: 12

rFire   + + .      SeeInvis .   (no weapon)
rCold   x . .      Faith    .   l - orb {mayhem}
rNeg    . . .      Spirit   .   a - +0 robe
rPois   ∞          Reflect  .   g - +0 helmet
rElec   .          Harm     .   (no cloak)
rCorr   .          Rampage  .   (no gloves)
Will    .....                   (boots unavailable)
Stlth   ++........              (no amulet)
HPRegen 0.15/turn               (no ring)
MPRegen 0.00/turn               (no ring)

@: flying, very slightly contaminated
A: sickness immunity, fire resistance 2, cold vulnerability 1, float, innate
caster, HP casting, extra vitality 1
a: no special abilities


You were on level 4 of the Dungeon.
You visited 1 branch of the dungeon, and saw 4 of its levels.

You collected 151 gold pieces.

Inventory:

Missiles
 t - 2 throwing nets
Armour
 a - a +0 robe (worn)
 g - a +0 helmet (worn)
 l - an orb of mayhem (worn)
Jewellery
 n - a ring of willpower
Scrolls
 c - 3 scrolls of identify {unknown}
 d - a scroll of brand weapon {unknown}
 f - a scroll of noise {unknown}
 i - a scroll of teleportation {unknown}
 j - a scroll of blinking {unknown}
 k - a scroll of enchant weapon {unknown}
 p - a scroll of immolation {unknown}
 r - a scroll of torment {unknown}
Potions
 b - 3 potions of brilliance {unknown}
 e - 5 potions of ambrosia {unknown}
 h - a potion of berserk rage {unknown}
 m - a potion of mutation {unknown}
 o - a potion of heal wounds {unknown}
 q - a potion of flight {unknown}
 s - a potion of curing


   Skills:
 - Level 2.1 Dodging
 - Level 1.5 Stealth
 + Level 6.8 Spellcasting


You couldn't memorise any spells.
You knew the following spells:

 Your Spells              Type           Power      Damage    Failure   Level
a - Magic Dart            Conj           100%       1d8       1%          1
b - Searing Ray           Conj           72%        2d7       1%          2
c - Dazzling Flash        Conj/Hex       72%        N/A       1%          3
d - Fulminant Prism       Conj/Hex       18%        3d11      5%          4
e - Iskenderun's Mystic   Conj/Tloc      36%        2d9       5%          4
f - Shock                 Conj/Air       100%       1d9       1%          1
g - Call Imp              Summ           36%        N/A       1%          2
h - Poisonous Vapours     Pois/Air       72%        N/A       1%          2
Your spell library was empty.

Dungeon Overview and Level Annotations

Branches:
Dungeon (4/15)
 Temple: D:4-7

Altars:
Gozag
Hepliaklqana

Annotations:
D:4 Duvessa


Innate Abilities, Weirdness & Mutations

You are immune to sickness and miasma.
You are immune to poison.
Your flesh is very heat resistant. (rF++)
You are vulnerable to cold. (rC-)
You float through the air rather than walking.
You learn spells naturally, not from books.
Your magical power is your life essence.
You have superior vitality. (+4 MHP)


Message History

Confirm with . or Enter, or press ? or * to list all spells.
You erupt in a blast of force!
The mystic blast hits the quokka.
You kill the quokka!
Dowan flies into a frenzy!
Unknown command.
Casting: Iskenderun's Mystic Blast (dangerous; 5% risk of failure)
Confirm with . or Enter, or press ? or * to list all spells.
Aiming: Fulminant Prism (dangerous; 5% risk of failure)
Press: ? - help, Dir - move target You conjure a prism of explosive energy!
A fulminant prism comes into view.
Dowan barely misses you.
You hit Dowan but do no damage.
Dowan is almost dead.
Dowan hits you with a +0 dagger!
* * * LOW HITPOINT WARNING * * *
Your fulminant prism crackles loudly.
Duvessa hits your fulminant prism with a +0 vampiric short sword!
Your fulminant prism explodes!
The blast of energy engulfs Duvessa but does no damage.
Duvessa is moderately wounded.
Casting: Fulminant Prism (dangerous; 5% risk of failure)
Confirm with . or Enter, or press ? or * to list all spells.
You erupt in a blast of force!
The mystic blast hits Dowan.
You kill Dowan!
Duvessa weeps, and shakes her weapon.
Duvessa goes berserk!
* * * LOW HITPOINT WARNING * * *
There is a stone staircase leading up here.
Things that are here:
a +0 dagger; a +0 robe; a quokka corpse
Casting: Iskenderun's Mystic Blast (dangerous; 5% risk of failure)
Confirm with . or Enter, or press ? or * to list all spells.
You erupt in a blast of force!
The mystic blast hits Duvessa!
Duvessa is heavily wounded.
Duvessa is knocked back by the mystic blast.
* * * LOW HITPOINT WARNING * * *
A giant cockroach comes into view.
Duvessa hits you with a +0 vampiric short sword!
You die...

#.............##..
###.####..#.#....#
#............###
#######.#.#..... ##
### #.....#### ..
##.##########.##
.###.#.........(...#
.B......#####......#
#...@e.....######
############


You could see Duvessa (berserk) and a giant cockroach.

Vanquished Creatures
  3 ogres (D:4)
  A necrophage (D:4)
  Dowan (D:4)
  A hound (D:4)
  An orc priest (D:3)
  An orc wizard (D:3)
  7 gnolls
  4 adders
  A worm (D:2)
  An orc (D:3)
  4 endoplasms
  3 giant cockroaches
  2 goblins (D:1)
  10 hobgoblins
  2 jackals (D:3)
  5 quokkas
  2 ball pythons
  A bat (D:3)
  3 frilled lizards
  3 kobolds
  5 rats
61 creatures vanquished.

Vanquished Creatures (collateral kills)
  A dart slug (D:4)
1 creature vanquished.

Vanquished Creatures (others)
  11 fulminant prisms
11 creatures vanquished.

Grand Total: 73 creatures vanquished

Notes
Turn   | Place    | Note
-------+----------+-------------------------------------------
     0 | D:1      | ders the Djinni Conjurer began the quest for the Orb.
     0 | D:1      | ders set off with the following spells memorised: Magic
                  | Dart, Searing Ray, Dazzling Flash, Fulminant Prism,
                  | Iskenderun's Mystic Blast.
     0 | D:1      | Reached XP level 1. HP: 15/15 MP: 0/0
    28 | D:1      | Found a faded altar of an unknown god.
   215 | D:1      | Reached XP level 2. HP: 17/21 MP: 0/0
  1189 | D:2      | Reached XP level 3. HP: 10/25 MP: 0/0
  1189 | D:2      | Learned a level 1 spell: Shock
  1705 | D:2      | Reached skill level 4 in Spellcasting
  1945 | D:2      | You are sucked into a shaft and drop 1 floor!
  1956 | D:3      | Reached XP level 4. HP: 16/31 MP: 0/0
  2132 | D:3      | Reached XP level 5. HP: 22/35 MP: 0/0
  2132 | D:3      | Learned a level 2 spell: Call Imp
  2282 | D:3      | Reached skill level 5 in Spellcasting
  3111 | D:4      | Found a hazy altar of Hepliaklqana.
  3111 | D:4      | Found an opulent altar of Gozag.
  3113 | D:4      | Noticed an ogre
  3124 | D:4      | Killed an ogre
  3125 | D:4      | Reached XP level 6. HP: 23/40 MP: 0/0
  3252 | D:4      | Noticed an ogre
  3262 | D:4      | Killed an ogre
  3263 | D:4      | Reached skill level 6 in Spellcasting
  3265 | D:4      | Noticed an ogre
  3271 | D:4      | Killed an ogre
  3272 | D:4      | Reached XP level 7. HP: 17/45 MP: 0/0
  3272 | D:4      | Learned a level 2 spell: Poisonous Vapours
  3923 | D:4      | Noticed Dowan
  3929 | D:4      | Noticed Duvessa
  3942 | D:4      | Killed Dowan
  3945 | D:4      | Slain by Duvessa

Illustrated notes

Levels and vault maps discovered:
D:1:      eino_arrival_water_cross, layout_basic, ebering_ecumenical_altar_hall,
          serial_aquarium, aquarium_bridge_square [aquarium_subvault_window,
          aquarium_subvault_balcony, aquarium_subvault_wall,
          aquarium_subvault_bridge], aquarium_window_3, aquarium_window_corner,
          aquarium_window_2, aquarium_window_fake, aquarium_view_2b,
          aquarium_view_2f, aquarium_pool_split, st_stairs_12
D:2:      layout_loops_corners
D:3:      layout_rooms
D:4:      layout_loops_ring, mainiacjoe_overflow_divided_tiny,
          lemuel_temple_firewalk_b, serial_glass, glass_columns_a,
          glass_columns_a, glass_columns_a, glass_columns_a, glass_columns_a,
          glass_columns_a, uniq_duvessa, uniq_pikel

Skill      XL: |  1  2  3  4  5  6 |
---------------+-------------------+-----
Spellcasting   | 4 5 6 |  6.8
Dodging        | |  2.1
Stealth        | |  1.5

Action                   |  1- 3 |  4- 6 |  7- 9 || total
-------------------------+-------+-------+-------++-------
Melee: Unarmed           |       |       |     1 ||     1
 Cast: Magic Dart        |    63 |    37 |    11 ||   111
       Searing Ray       |     8 |    12 |    15 ||    35
       Fulminant Prism   |       |     8 |     3 ||    11
       Iskenderun's Myst |       |     1 |     4 ||     5
Armor: Robe              |       |       |     2 ||     2
Dodge: Dodged            |     4 |     4 |    11 ||    19

Table legend: (Time is in decaauts)
 A = Elapsed time spent in this place.
 B = Non-inter-level travel time spent in this place.
 C = Inter-level travel time spent in this place.
 D = Time resting spent in this place.
 E = Time spent auto-exploring this place.
 F = Levels seen in this place.
 G = Mean time per level.
                   A        B        C        D        E       F      G
               +--------+--------+--------+--------+--------+-----+--------+
         Total |   3944 |   3821 |    123 |   1225 |   2293 |   4 |  986.0 |
       Dungeon |   3944 |   3821 |    123 |   1225 |   2293 |   4 |  986.0 |
               +--------+--------+--------+--------+--------+-----+--------+

Top non-repeatable levels by time:
     D:1: 1173 daAuts
     D:3: 1110 daAuts
     D:4: 888 daAuts
     D:2: 771 daAuts
